[Event "Commonwealth CC-Open 2024"]
[Site "Malacca"]
[Date "2024.02.21"]
[Round "2.9"]
[White "Rindhiya V"]
[Black "Swapnil, S. Dhopade"]
[Result "1-0"]
[ECO "B48"]
[WhiteElo "1879"]
[BlackElo "2454"]
[Annotator "RC"]
[PlyCount "108"]
[EventDate "2024.02.21"]
[EventCountry "MAS"]
[SourceTitle "playchess.com"]
[Source "ChessBase"]
[SourceQuality "1"]
[TimeControl "5400+30"]

1. e4 c5 2. Nf3 e6 3. d4 cxd4 4. Nxd4 Nc6 5. Nc3 Qc7 6. Be3 a6 7. Qd2 Nf6 8. O-O-O Be7 9. f3 O-O 10. g4 b5 11. g5 Nh5 12. Nce2 Nxd4 13. Nxd4 f6 14. h4 Ng3 15. Bf4 Nxf1 16. Rdxf1 Qc4 17. Kb1 d6 18. gxf6 Bxf6 19. Nb3 e5 20. Bg5 h6 21. Be3 Be7 22. Na5 Qf7 23. f4 Be6 24. Ka1 exf4 25. Rxf4 Qe8 26. Rg1 Kh7 27. Bd4 g6 28. Rxf8 Qxf8 29. Qg2 Qg8 30. Nc6 Bxh4 31. Qh2 g5 32. Qxd6 Re8 33. Rf1 Kg6 34. Ne7+ Rxe7 35. Qxe7 Kh5 36. b3 Qg6 37. Rf6 Qxe4 38. Qe8+ Kg4 39. Qxe6+ Qxe6 40. Rxe6 h5 41. c4 bxc4 42. bxc4 Bg3 43. Be3 h4 44. Rg6 Kf3 45. Bxg5 h3 46. Be7 Be5+ 47. Kb1 h2 48. Rh6 Kg2 49. c5 Bf4 50. Rh5 h1=Q+ 51. Rxh1 Kxh1 52. Bd6 Be3 53. c6 Bb6 54. Kc2 Kg2 1-0

[Event "Commonwealth CC-Open 2024"]
[Site "Malacca"]
[Date "2024.02.21"]
[Round "2.11"]
[White "Bhagyashree Patil"]
[Black "Mohammad Nubairshah Shaikh"]
[Result "1/2-1/2"]
[ECO "D02"]
[WhiteElo "1885"]
[BlackElo "2428"]
[Annotator "ChessBase"]
[PlyCount "160"]
[EventDate "2024.02.21"]
[EventCountry "MAS"]
[SourceTitle "playchess.com"]
[Source "ChessBase"]
[SourceQuality "1"]
[TimeControl "5400+30"]

1. d4 Nf6 2. Bf4 d5 3. Nf3 c5 4. e3 Nc6 5. Nbd2 cxd4 6. exd4 Qb6 7. Nb3 Bf5 8. Bd3 Bxd3 9. Qxd3 Rc8 10. c3 e6 11. O-O Be7 12. Qe2 O-O 13. Ne1 a5 14. Nd3 Qb5 15. Nd2 a4 16. a3 Nh5 17. Be3 Bd6 18. Rfe1 Nf6 19. Nb4 Qxe2 20. Rxe2 Ng4 21. Nf1 Na5 22. Nd3 Nxe3 23. Nxe3 f6 24. g3 Kf7 25. Kg2 g5 26. f4 gxf4 27. gxf4 Nc4 28. Kf3 Rg8 29. Rae1 Nxe3 30. Rxe3 Rce8 31. Nf2 f5 32. Nh3 h6 33. Rg1 Rxg1 34. Nxg1 Rg8 35. Re1 Ke7 36. Ne2 Kd7 37. Rg1 Rxg1 38. Nxg1 Kc6 39. Ke3 Kb5 40. Nf3 Bc7 41. Nd2 Bb8 42. Kf3 Bd6 43. Ke3 Kc6 44. Kf3 Kd7 45. Kg3 Be7 46. Kh3 Ke8 47. Kg3 Kf7 48. Kh3 Kg6 49. Kg3 Kh5 50. Nf3 Bd6 51. Nd2 Be7 52. Nf3 Bf6 53. Kh3 Kg6 54. Kg3 Kf7 55. Nd2 Ke8 56. Kh3 Kd7 57. Kg3 Kc6 58. Nf3 Kb5 59. Nd2 Bd8 60. Kf3 Bh4 61. Ke2 Be7 62. Kd3 Bd8 63. Ke2 Bh4 64. Nf3 Be7 65. Nd2 Kc6 66. Kd3 Kd7 67. Ke2 Ke8 68. Kf2 Bh4+ 69. Kg2 Kd7 70. Nf3 Be7 71. Nd2 Bf6 72. Kf3 Bh4 73. Ke2 Ke8 74. Nf3 Be7 75. Kf2 Bd6 76. Kg3 Kd7 77. Nd2 Kc6 78. Kf3 Be7 79. Ke2 Kb5 80. Kd3 Bd6 1/2-1/2

[Event "Commonwealth CC-Open 2024"]
[Site "Malacca"]
[Date "2024.02.21"]
[Round "2.12"]
[White "Rohith Krishna S"]
[Black "Tan, Yi Xun"]
[Result "1-0"]
[ECO "D45"]
[WhiteElo "2410"]
[BlackElo "1828"]
[Annotator "ChessBase"]
[PlyCount "75"]
[EventDate "2024.02.21"]
[EventCountry "MAS"]
[SourceTitle "playchess.com"]
[Source "ChessBase"]
[SourceQuality "1"]
[TimeControl "5400+30"]

1. d4 d5 2. c4 c6 3. Nc3 Nf6 4. Nf3 e6 5. e3 Nbd7 6. Qc2 Bd6 7. b3 O-O 8. Be2 b6 9. O-O Bb7 10. Bb2 Qe7 11. Rad1 Rad8 12. Rfe1 Rfe8 13. Bf1 c5 14. cxd5 exd5 15. dxc5 bxc5 16. Ne2 Ne4 17. Ng3 Nxg3 18. hxg3 Nf6 19. Bb5 Rf8 20. Nh4 Qe6 21. Qc3 a6 22. Bd3 Rfe8 23. Bf5 Qe7 24. Rc1 c4 25. Red1 Be5 26. Qxe5 Qxe5 27. Bxe5 Rxe5 28. bxc4 g5 29. f4 Rxe3 30. fxg5 Ne4 31. c5 Bc6 32. Bxe4 Rxe4 33. Nf5 d4 34. Rc4 Rd5 35. g4 Re2 36. Rdxd4 Rxg2+ 37. Kf1 Rxd4 38. Rxd4 1-0

[Event "Commonwealth CC-Open 2024"]
[Site "Malacca"]
[Date "2024.02.21"]
[Round "2.13"]
[White "Masli, Muhd Nur Daie"]
[Black "Wong, Zhenyong Jayden"]
[Result "1/2-1/2"]
[ECO "C70"]
[WhiteElo "1867"]
[BlackElo "2406"]
[Annotator "ChessBase"]
[PlyCount "69"]
[EventDate "2024.02.21"]
[EventCountry "MAS"]
[SourceTitle "playchess.com"]
[Source "ChessBase"]
[SourceQuality "1"]
[TimeControl "5400+30"]

1. e4 e5 2. Nf3 Nc6 3. Bb5 a6 4. Ba4 Nge7 5. Nc3 g6 6. O-O Bg7 7. Bb3 Na5 8. d4 Nxb3 9. axb3 exd4 10. Nxd4 O-O 11. Bf4 d6 12. Re1 Re8 13. Qd2 Bd7 14. Bg5 Qc8 15. Rad1 Nc6 16. Nxc6 Bxc6 17. Nd5 Bxd5 18. exd5 Bxb2 19. Rxe8+ Qxe8 20. Re1 Qd7 21. c3 Ba3 22. b4 a5 23. bxa5 Bc5 24. h4 h5 25. c4 Qg4 26. Bf6 Qf5 27. Bb2 f6 28. Re7 Rxa5 29. Qe2 Ra8 30. Re8+ Rxe8 31. Qxe8+ Kg7 32. Qe7+ Kg8 33. Qe8+ Kg7 34. Qe7+ Kg8 35. Qe8+ 1/2-1/2

[Event "Commonwealth CC-Open 2024"]
[Site "Malacca"]
[Date "2024.02.21"]
[Round "2.16"]
[White "Kapoor, Satvik"]
[Black "Liu, Yi"]
[Result "1/2-1/2"]
[ECO "C18"]
[WhiteElo "1791"]
[BlackElo "2260"]
[Annotator "ChessBase"]
[PlyCount "69"]
[EventDate "2024.02.21"]
[EventCountry "MAS"]
[SourceTitle "playchess.com"]
[Source "ChessBase"]
[SourceQuality "1"]
[TimeControl "5400+30"]

1. e4 e6 2. d4 d5 3. Nc3 Bb4 4. e5 c5 5. a3 Bxc3+ 6. bxc3 Nc6 7. Qg4 g6 8. Nf3 Qa5 9. Bd2 Qa4 10. Ra2 b6 11. Bd3 Ba6 12. O-O Bxd3 13. cxd3 Nge7 14. Qf4 cxd4 15. Ng5 Nf5 16. g4 h6 17. Nxe6 fxe6 18. gxf5 gxf5 19. Raa1 Qc2 20. cxd4 Qxd3 21. Be3 Qe4 22. Qxe4 fxe4 23. f3 exf3 24. Rxf3 Ne7 25. Rf6 Nf5 26. Kf2 Rf8 27. Rxe6+ Kd7 28. Rf6 Rxf6 29. exf6 Rf8 30. Bf4 Rxf6 31. Be5 Rc6 32. Kf3 Rc4 33. Rg1 Ra4 34. Kf4 Ne7 35. Rg3 1/2-1/2

[Event "Commonwealth CC-Open 2024"]
[Site "Malacca"]
[Date "2024.02.21"]
[Round "2.19"]
[White "Soumya, Swaminathan"]
[Black "Rebecca Jesumarian"]
[Result "1-0"]
[ECO "B90"]
[WhiteElo "2259"]
[BlackElo "1805"]
[Annotator "ChessBase"]
[PlyCount "75"]
[EventDate "2024.02.21"]
[EventCountry "MAS"]
[SourceTitle "playchess.com"]
[Source "ChessBase"]
[SourceQuality "1"]
[TimeControl "5400+30"]

1. e4 c5 2. Nf3 d6 3. d4 cxd4 4. Nxd4 Nf6 5. Nc3 a6 6. Bd3 e5 7. Nde2 Be7 8. O-O O-O 9. Ng3 Nc6 10. Nd5 Nxd5 11. exd5 Nb4 12. Bf5 a5 13. c4 g6 14. Bxc8 Qxc8 15. Qe2 f5 16. f3 Bf6 17. Bd2 Nc2 18. Rac1 Qc5+ 19. Kh1 Nd4 20. Qe1 b6 21. Ne2 Rfe8 22. Nc3 a4 23. Qd1 a3 24. b4 Qc7 25. Be3 Qg7 26. Qd2 g5 27. Nb5 Nxb5 28. cxb5 g4 29. Rc6 f4 30. Bxb6 Be7 31. Bc7 Kh8 32. b6 e4 33. fxe4 Rg8 34. b7 Raf8 35. Qc2 f3 36. b8=Q g3 37. Qxf8 Bxf8 38. Qc3 1-0

[Event "Commonwealth CC-Open 2024"]
[Site "Malacca"]
[Date "2024.02.21"]
[Round "2.22"]
[White "Wee, Yin Lin"]
[Black "Vrashank Chouhan"]
[Result "0-1"]
[ECO "A09"]
[WhiteElo "1558"]
[BlackElo "2046"]
[Annotator "NA"]
[PlyCount "98"]
[EventDate "2024.02.21"]
[EventCountry "MAS"]
[SourceTitle "playchess.com"]
[Source "ChessBase"]
[SourceQuality "1"]
[TimeControl "5400+30"]

1. Nf3 d5 2. c4 d4 3. e3 c5 4. b4 Nf6 5. exd4 cxd4 6. Bb2 e5 7. Nxe5 Bxb4 8. Qa4+ Nfd7 9. Nd3 Be7 10. Bxd4 Bf6 11. Bxf6 Qxf6 12. Nc3 O-O 13. Be2 Nc6 14. O-O Nb6 15. Qd1 Nxc4 16. Nb4 Nxb4 17. Bxc4 Qd4 18. Qb3 Nc6 19. Rfe1 Bf5 20. Nd5 Be6 21. Ne3 Na5 22. Qd3 Qxd3 23. Bxd3 Rad8 24. Be4 Rxd2 25. a4 g6 26. Rab1 b6 27. Red1 Rfd8 28. Bd5 R2xd5 29. Nxd5 Rxd5 30. Rdc1 Kf8 31. Rc7 Rd7 32. Rbc1 Ke7 33. f4 Nb3 34. R1c3 Nc5 35. Rxd7+ Kxd7 36. a5 Kc6 37. axb6 axb6 38. Kf2 b5 39. Ke3 b4 40. Rc1 Kb5 41. Rb1 Bf5 42. Rd1 b3 43. Rd2 Na4 44. Rd5+ Kc6 45. Rd4 b2 46. Rb4 b1=Q 47. Rxb1 Bxb1 48. g4 Kd5 49. h4 h5 0-1

[Event "Commonwealth CC-Open 2024"]
[Site "Malacca"]
[Date "2024.02.21"]
[Round "2.26"]
[White "Visakh N R"]
[Black "Kumaran, Ashwiniy"]
[Result "1-0"]
[ECO "D02"]
[WhiteElo "2549"]
[BlackElo "1530"]
[Annotator "ChessBase"]
[PlyCount "95"]
[EventDate "2024.02.21"]
[EventCountry "MAS"]
[SourceTitle "playchess.com"]
[Source "ChessBase"]
[SourceQuality "1"]
[TimeControl "5400+30"]

1. d4 Nf6 2. Nf3 g6 3. Nbd2 d5 4. e3 Bg7 5. b4 O-O 6. c4 c6 7. a4 Na6 8. Ba3 Nc7 9. Rc1 Re8 10. Be2 Ne4 11. O-O f6 12. b5 Nxd2 13. Qxd2 cxb5 14. axb5 Be6 15. Qb2 dxc4 16. Bxc4 Bxc4 17. Rxc4 Qd7 18. Rb1 Kh8 19. h3 Rec8 20. Qb3 Ne8 21. Rxc8 Rxc8 22. Ne1 Nd6 23. Qd5 Qf5 24. Qxf5 Nxf5 25. g4 Nd6 26. Bxd6 exd6 27. Ra1 a6 28. bxa6 bxa6 29. Rxa6 Bf8 30. Nd3 h5 31. Nf4 hxg4 32. Nxg6+ Kg7 33. Nxf8 Kxf8 34. hxg4 Ke7 35. Kg2 Ke6 36. Ra5 Rc2 37. Kf3 Rb2 38. e4 Rb4 39. Ke3 Rb3+ 40. Kf4 Rb7 41. d5+ Ke7 42. Ra6 Rc7 43. Kf5 Rb7 44. Ra1 Kf7 45. Rh1 Kg7 46. Ke6 Rb6 47. Rh5 Kg6 48. Rf5 1-0

[Event "Commonwealth CC-Open 2024"]
[Site "Malacca"]
[Date "2024.02.21"]
[Round "2.47"]
[White "Tham, Tick Hong Jax"]
[Black "Teo, Zhiguang"]
[Result "1-0"]
[ECO "C12"]
[WhiteElo "1589"]
[BlackElo "1207"]
[Annotator "NA"]
[PlyCount "49"]
[EventDate "2024.02.21"]
[EventCountry "MAS"]
[SourceTitle "playchess.com"]
[Source "ChessBase"]
[SourceQuality "1"]
[TimeControl "5400+30"]

1. e4 e6 2. d4 d5 3. Nc3 Nf6 4. Bg5 h6 5. Bxf6 Qxf6 6. exd5 Bb4 7. Bb5+ c6 8. dxc6 Nxc6 9. Nge2 O-O 10. O-O Rd8 11. Ne4 Qh4 12. Bd3 Ba5 13. c3 Bc7 14. g3 Qe7 15. f4 b6 16. Nf2 f6 17. Qa4 Bd7 18. Qb3 Na5 19. Qc2 Rac8 20. Rae1 Nc6 21. Qd1 e5 22. fxe5 fxe5 23. Nf4 Qg5 24. Qb3+ Kf8 25. Ng6+ 1-0

[Event "Commonwealth CC-Open 2024"]
[Site "Malacca"]
[Date "2024.02.21"]
[Round "3.1"]
[White "Sethuraman, S.P."]
[Black "Lim, Zhuo Ren"]
[Result "1-0"]
[ECO "B96"]
[WhiteElo "2594"]
[BlackElo "2218"]
[Annotator "TA"]
[PlyCount "91"]
[EventDate "2024.02.21"]
[EventCountry "MAS"]
[SourceTitle "playchess.com"]
[Source "ChessBase"]
[SourceQuality "1"]
[TimeControl "5400+30"]

1. e4 c5 2. Nf3 d6 3. d4 cxd4 4. Nxd4 Nf6 5. Nc3 a6 6. Bg5 e6 7. f4 Nbd7 8. Qe2 Qc7 9. O-O-O b5 10. a3 Rb8 11. g4 Be7 12. Bh4 {[%emt 0:03:51] White is slightly better.} h6 (12... Nxe4 $5 13. Qxe4 (13. Nxe6 fxe6 14. Nxe4 Bxh4 $14) 13... Bxh4 $11) 13. Bg2 b4 14. axb4 Rxb4 15. Be1 {[%emt 0:00:31][%cal Oc3d5] Nd5! is the strong threat.} Qb6 16. Bf2 Rxb2 {[%emt 0:04:59] [#]} (16... Qc7 $11) 17. Ndb5 $1 $14 Qa5 18. Kxb2 Qb4+ 19. Kc1 $1 {[%emt 0:00:18] Rd4 would now be deadly.} axb5 20. Kd2 $36 {[%emt 0:00:14][%cal Od1a1][%mdl 2048] White fights for an advantage. Active counter play!} O-O 21. Ra1 {[%emt 0:10:46][%cal Oh1b1] Threatens to win with Rhb1!} Ne5 22. fxe5 dxe5 {[%emt 0:00:11] White must now prevent ...Rd8+.} 23. Be1 $1 (23. Qxb5 $2 Rd8+ (23... Nxg4 $2 24. Qxb4 Bxb4 25. Bb6 $18) 24. Kc1 Qxc3 $19) 23... Rd8+ (23... Qb2 $1 $14 24. Rb1 (24. Qxb5 $2 Qxa1 25. Qa4 Rd8+ 26. Ke2 Ba6+ 27. Kf3 Qxa4 $19) 24... Qa3 25. Qxb5 Nxg4) 24. Ke3 $2 {[%emt 0:00:25] [#]} (24. Kc1 $16 {[%cal Oc3d5] Strongly threatening Nd5!} Nh5 25. h4 (25. gxh5 $2 Bg5+ $19)) 24... Nd5+ $2 25. Nxd5 $16 (25. exd5 $2 Qf4+ 26. Kd3 Qd4#) 25... Qd4+ 26. Kf3 exd5 27. Ba5 $2 {[%emt 0:07:38][%mdl 8192] [#]} (27. c3 $16 {stays on course.} Qb6 28. Kg3) 27... f5 $4 {[%emt 0:09:33][%mdl 8192] [#]} 28. Rhd1 $1 $18 (28. gxf5 dxe4+ 29. Kg3 e3 $11) 28... dxe4+ 29. Kg3 f4+ 30. Kh3 h5 31. Rxd4 hxg4+ 32. Qxg4 Bxg4+ 33. Kxg4 Rxd4 34. c3 Rc4 35. Kf5 f3 36. Bf1 Ra4 (36... Rc8) 37. Rxa4 bxa4 38. Kxe4 f2 {[%emt 0:00:07] aiming for ...a3.} 39. Kf3 (39. Kxe5 $2 a3 40. Bc4+ Kf8 $19) 39... Bc5 40. Bc4+ Kf8 41. Bb4 {[%emt 0:01:18] White mates.} e4+ {[%emt 0:00:41] [#]} 42. Ke2 $1 (42. Kxe4 Bxb4 43. Ke3 (43. cxb4 $2 {too greedy.} a3 $19) 43... Bc5+ (43... Bxc3 44. Kxf2 Bb2 45. Ke2 $17) 44. Kd2 a3 $19) 42... f1=Q+ 43. Kxf1 Bxb4 44. cxb4 Ke7 45. Ke2 Kd6 46. Ke3 {[%emt 0:28:50] Weighted Error Value: White=0.22 (precise) /Black=0.59.  Loses game:     	White=1     	---        Missed win:     	---       	Black=1      Mistake:       	White=1     	Black=4      Inaccurate:     	White=2     	Black=2      OK:         	White=14    	Black=14     Best:        	White=4     	Black=4      Strong:       	White=3     	---        Brilliant:      	White=1     	---} 1-0

[Event "Commonwealth CC-Open 2024"]
[Site "Malacca"]
[Date "2024.02.21"]
[Round "3.2"]
[White "Gomes, Mary Ann"]
[Black "Vaibhav, Suri"]
[Result "0-1"]
[ECO "A13"]
[WhiteElo "2332"]
[BlackElo "2596"]
[Annotator "TA"]
[PlyCount "78"]
[EventDate "2024.02.21"]
[EventCountry "MAS"]
[SourceTitle "playchess.com"]
[Source "ChessBase"]
[SourceQuality "1"]
[TimeControl "5400+30"]

1. Nf3 Nf6 2. c4 e6 3. e3 b6 4. Nc3 Bb7 5. b3 d5 6. Bb2 {[%emt 0:00:10] A13: English Opening: 1...e6.} a6 7. Qc2 Bd6 8. cxd5 exd5 9. d4 Nbd7 10. Be2 O-O 11. O-O Qe7 12. Rfe1 $146 ({Predecessor:} 12. Rac1 Rac8 13. Bd3 Ne4 14. Qe2 Ra8 15. Bxe4 dxe4 16. Nd2 b5 17. a4 b4 18. Na2 {0-1 Gunina,V (2506)-Kovalenko,I (2644) Moscow-ch blitz 67th 2013 (11)}) 12... Rfe8 13. Bf1 Ne4 14. g3 f5 15. Bg2 Rac8 16. Rad1 Qf7 17. Nd2 Re7 18. f3 Nxc3 19. Bxc3 Rce8 20. Qd3 f4 21. gxf4 Bxf4 22. Nf1 Bd6 23. Ng3 Re6 24. Nf5 Bf8 25. e4 c5 26. Kh1 dxe4 27. fxe4 cxd4 28. Qxd4 (28. Bxd4 $15 Nc5 29. Bxc5 bxc5 (29... Bxc5 $2 30. Qc4 $19) 30. Rf1) 28... Nc5 29. b4 Nxe4 30. Bxe4 $2 (30. Rxe4 $17 {is the only way for White.} Qxf5 (30... Bxe4 31. Bxe4 Kh8 32. Re1 $14) (30... Rxe4 $2 31. Nh6+ Kh8 32. Nxf7+ $18) 31. Rf4 Bxg2+ 32. Kxg2 Rg6+ 33. Kh1) 30... Bxe4+ $19 (30... Rxe4 31. Nh6+ (31. Qxb6 $2 Rxe1#) 31... Kh8 32. Nxf7+ Kg8 33. Nh6+ (33. Qxb6 $2 Rxe1#) 33... Kh8 34. Kg1 (34. Qxb6 $2 Rxe1#) (34. Rxe4 Rxe4 35. Kg1 Rxd4 36. Rxd4 Be7 37. Rg4 Bf8 38. Rf4 Bxb4 39. Bxb4 gxh6 40. Rg4 h5 41. Bc3#) 34... Rxd4 35. Rxe8 (35. Bxd4 Be4 $18) (35. Bxd4 Be4 $18)) 31. Rxe4 {[%emt 0:00:06] [#]} Qb7 $1 ({And not} 31... Rxe4 32. Nh6+ (32. Qxb6 Qxf5 33. Rg1 Qf3+ 34. Rg2 Rd8 35. Qg1 Rd1) 32... Kh8 33. Nxf7+ Kg8 34. Qd5 (34. Qxb6 Kxf7 35. Rf1+ Kg8 $18) (34. Nh6+ Kh8 35. Qf2 Re2 36. Qf7 Rxh2+ 37. Kxh2 Re2+ 38. Kh1 Rh2+ 39. Kxh2 Bd6+ 40. Rxd6 b5 41. Bxg7#) 34... h6 35. Nxh6+ (35. Ne5+ Kh8 36. Qxe4 Kg8 37. Qg6 Re7 38. Rd8 b5 39. Qf5 Rf7 40. Nxf7 h5) 35... Kh7 36. Rg1) (31... Qxf5 32. Rf4 Qg5 33. Rxf8+ Rxf8 34. Rg1 $15) 32. Ng3 Rxe4 33. Nxe4 Rxe4 ({Much less strong is} 33... Qxe4+ 34. Qxe4 Rxe4 35. Rd8 $19) 34. Qd5+ Qxd5 35. Rxd5 Bxb4 36. Bd4 b5 37. Rd7 Bf8 38. a3 Re1+ 39. Kg2 Rd1 ({Not} 39... Bxa3 40. Rxg7+ Kf8 41. Rxh7 $17) 0-1

[Event "Commonwealth CC-Open 2024"]
[Site "Malacca"]
[Date "2024.02.21"]
[Round "3.3"]
[White "Gong, Qianyun"]
[Black "Mitrabha, Guha"]
[Result "*"]
[ECO "C02"]
[WhiteElo "2263"]
[BlackElo "2504"]
[Annotator "RC"]
[PlyCount "75"]
[EventDate "2024.02.21"]
[EventCountry "MAS"]
[SourceTitle "playchess.com"]
[Source "ChessBase"]
[SourceQuality "1"]
[TimeControl "5400+30"]

1. e4 e6 2. d4 d5 3. e5 c5 4. c3 Nc6 5. Nf3 Qb6 6. Bd3 Bd7 7. dxc5 Bxc5 8. O-O Qc7 9. Bf4 Nge7 10. b4 Bb6 11. a4 a6 12. Bg3 d4 13. Nbd2 Nd5 14. a5 Ba7 15. c4 Ndxb4 16. Ne4 Nxd3 17. Nd6+ Kf8 18. Qxd3 Bc5 19. Qe4 h6 20. Qf4 Be8 21. Rfd1 Nxa5 22. Rab1 Kg8 23. Nxd4 b6 24. Ne2 Rd8 25. Nc3 f5 26. Bh4 Rb8 27. Rd3 Rh7 28. Rg3 Bxd6 29. exd6 Qxc4 30. Qd2 Qxh4 31. d7 Bf7 32. Rxb6 Rd8 33. Rxa6 Nc4 34. Qd1 Rh8 35. Ra4 e5 36. h3 Kh7 37. Qc2 e4 38. Ne2 *

[Event "Commonwealth CC-Open 2024"]
[Site "Malacca"]
[Date "2024.02.21"]
[Round "3.4"]
[White "Vignesh N R"]
[Black "Soumya, Swaminathan"]
[Result "1/2-1/2"]
[ECO "A48"]
[WhiteElo "2517"]
[BlackElo "2259"]
[Annotator "TA"]
[PlyCount "53"]
[EventDate "2024.02.21"]
[EventCountry "MAS"]
[SourceTitle "playchess.com"]
[Source "ChessBase"]
[SourceQuality "1"]
[TimeControl "5400+30"]

1. d4 Nf6 2. Nf3 g6 3. Nbd2 c5 4. dxc5 Qa5 5. a3 Qxc5 6. b4 Qc7 7. Bb2 Bg7 8. e3 O-O 9. c4 b6 10. Be2 Bb7 11. O-O d6 12. Qb3 Nbd7 13. Rac1 Rac8 14. Rfd1 Qb8 15. Nd4 Qa8 16. Bf1 a6 {[%emt 0:02:38] The position is equal.} 17. Qa2 Rc7 18. N4b3 Rfc8 19. a4 d5 20. a5 {[%emt 0:12:42] Black must now prevent axb6.} dxc4 21. Nxc4 b5 22. Ne5 Rxc1 23. Rxc1 Rxc1 24. Nxc1 Bd5 25. Qa1 {[%emt 0:01:58] [#] Nxd7 is the strong threat.} Nxe5 26. Bxe5 Qc6 27. Nd3 {[%emt 0:11:48] Not much happened in this game.   Weighted Error Value: White=0.05 (flawless) /Black=0.02 (flawless) .  OK:         	White=3     	Black=9      Best:        	---       	Black=1} 1/2-1/2

[Event "Commonwealth CC-Open 2024"]
[Site "Malacca"]
[Date "2024.02.21"]
[Round "3.5"]
[White "Lalit Babu M R"]
[Black "Pon, Matt"]
[Result "1-0"]
[ECO "E73"]
[WhiteElo "2525"]
[BlackElo "2202"]
[Annotator "TA"]
[PlyCount "81"]
[EventDate "2024.02.21"]
[EventCountry "MAS"]
[SourceTitle "playchess.com"]
[Source "ChessBase"]
[SourceQuality "1"]
[TimeControl "5400+30"]

1. d4 Nf6 2. c4 g6 3. Nc3 Bg7 4. e4 d6 5. Be2 O-O 6. Be3 Na6 7. h4 h5 8. f3 c5 {[%emt 0:01:01] The position is equal.} 9. d5 e6 10. dxe6 Bxe6 11. Nh3 Re8 12. Qd2 Nb4 13. Rd1 Nd7 14. Ng5 (14. Qxd6 Nc2+ (14... Qxh4+ 15. Nf2 $11) 15. Kf2 Nxe3 (15... Qxh4+ 16. g3 $15) 16. Kxe3 Qa5 $19 (16... Qxh4 17. Qf4 $17)) 14... Ne5 15. Nxe6 ({Inferior is} 15. Qxd6 Qxd6 16. Rxd6 Nxc4 (16... Bxc4 17. b3 $11) 17. Nxe6 Bxc3+ (17... Nxd6 18. Nxg7 Red8 19. Bxc5 $16) 18. bxc3 Nc2+ (18... Nxd6 19. Nc7 $14) 19. Kf2 N2xe3 $15 (19... Nxd6 20. Nc7 $14)) 15... Rxe6 16. Bxc5 Ned3+ 17. Bxd3 dxc5 18. Bb1 Qb8 {[%emt 0:06:08] Black is on the road to losing.} (18... Bd4 $14) 19. f4 $16 Nc6 20. O-O Bd4+ 21. Kh1 Qd8 22. Qe1 Re8 (22... Rd6 $16) 23. Qg3 Qc8 24. Nd5 {[%emt 0:02:47] [#] aiming for e5.} Qg4 25. Qxg4 hxg4 26. Kh2 Bxb2 27. Nc7 Bd4 28. Kg3 Rac8 29. Nxe8 Rxe8 30. Kxg4 Kg7 31. Rh1 ({Don't do} 31. e5 Rh8 32. Be4 Ne7 $18) 31... a6 32. a4 Na5 33. Bd3 Rd8 34. h5 {[%emt 0:00:27] White is clearly winning.} Bc3 (34... gxh5+ $142 35. Rxh5 Kf6 36. e5+ Ke7) 35. hxg6 $18 fxg6 36. Be2 Bd4 37. e5 Rf8 38. g3 Nc6 39. Bf3 Na5 40. Bd5 Rd8 41. Rb1 {[%emt 0:00:03] Weighted Error Value: White=0.06 (flawless) /Black=0.33.  Mistake:       	---       	Black=3      Inaccurate:     	White=1     	Black=3      OK:         	White=18    	Black=6      Best:        	White=2     	---} 1-0

[Event "Commonwealth CC-Open 2024"]
[Site "Malacca"]
[Date "2024.02.21"]
[Round "3.6"]
[White "Wong, Jianwen"]
[Black "Das, Sayantan"]
[Result "0-1"]
[ECO "A01"]
[WhiteElo "2254"]
[BlackElo "2514"]
[Annotator "RC"]
[PlyCount "66"]
[EventDate "2024.02.21"]
[EventCountry "MAS"]
[SourceTitle "playchess.com"]
[Source "ChessBase"]
[SourceQuality "1"]
[TimeControl "5400+30"]

1. b3 e5 2. Bb2 Nc6 3. Nf3 e4 4. Nd4 Nf6 5. e3 Nxd4 6. Bxd4 d5 7. c4 dxc4 8. Bxc4 Bd6 9. Nc3 Bf5 10. h3 O-O 11. g4 Bg6 12. h4 h6 13. g5 hxg5 14. hxg5 Nh7 15. Rxh7 Kxh7 16. Qg4 Rh8 17. O-O-O Kg8 18. Nxe4 b5 19. Bxb5 Ba3+ 20. Kc2 Qd5 21. Bd3 c5 22. Nc3 Bxd3+ 23. Kxd3 Qd6 24. Nb5 Qa6 25. Bc3 Qxb5+ 26. Kc2 Rd8 27. d3 Qd7 28. Qf4 c4 29. bxc4 Qa4+ 30. Kd2 Rxd3+ 31. Kxd3 Qxd1+ 32. Ke4 Bd6 33. Qf5 Qc2+ 0-1

[Event "Commonwealth CC-Open 2024"]
[Site "Malacca"]
[Date "2024.02.21"]
[Round "3.7"]
[White "Iniyan, Pa"]
[Black "Chitlange Sakshi"]
[Result "1-0"]
[ECO "E48"]
[WhiteElo "2515"]
[BlackElo "2210"]
[Annotator "RC"]
[PlyCount "99"]
[EventDate "2024.02.21"]
[EventCountry "MAS"]
[SourceTitle "playchess.com"]
[Source "ChessBase"]
[SourceQuality "1"]
[TimeControl "5400+30"]

1. d4 Nf6 2. c4 e6 3. Nc3 Bb4 4. e3 O-O 5. Bd3 c5 6. Nge2 cxd4 7. exd4 d5 8. cxd5 Nxd5 9. O-O Be7 10. Re1 Nc6 11. a3 Nxc3 12. bxc3 Bf6 13. Ng3 g6 14. Bh6 Re8 15. Qf3 Bg7 16. Bxg7 Kxg7 17. Rad1 Bd7 18. Ne4 Rf8 19. Qf4 Qe7 20. Qg3 b6 21. Nd6 Qf6 22. Re3 Kh8 23. Ne4 Qg7 24. Ng5 Rad8 25. Qh4 Kg8 26. Rh3 h6 27. Qxh6 Qxh6 28. Rxh6 Bc8 29. Re1 Kg7 30. Rh7+ Kg8 31. Rh4 Kg7 32. Re3 e5 33. Rh7+ Kg8 34. Bc4 exd4 35. Rxf7 dxe3 36. Rc7+ Rf7 37. Bxf7+ Kf8 38. fxe3 Ne5 39. Be6 Rd1+ 40. Kf2 Bxe6 41. Nxe6+ Ke8 42. Rxa7 Rd3 43. Rc7 Ng4+ 44. Kf3 Nxh2+ 45. Ke2 Rd6 46. Nd4 Ng4 47. Kf3 Ne5+ 48. Ke4 Ng4 49. Kf4 Nf6 50. Ke5 1-0

[Event "Commonwealth CC-Open 2024"]
[Site "Malacca"]
[Date "2024.02.21"]
[Round "3.8"]
[White "Vrashank Chouhan"]
[Black "Deepan Chakkravarthy J."]
[Result "0-1"]
[ECO "A80"]
[WhiteElo "2046"]
[BlackElo "2422"]
[Annotator "ChessBase"]
[PlyCount "58"]
[EventDate "2024.02.21"]
[EventCountry "MAS"]
[SourceTitle "playchess.com"]
[Source "ChessBase"]
[SourceQuality "1"]
[TimeControl "5400+30"]

1. d4 f5 2. Bg5 Nf6 3. Bxf6 exf6 4. e3 Nc6 5. Bd3 d5 6. c3 Bd6 7. Ne2 O-O 8. Qc2 Ne7 9. Nd2 Kh8 10. Nf1 b6 11. Nfg3 Qd7 12. b4 a5 13. b5 a4 14. O-O Ra5 15. Rab1 g6 16. f3 Bb7 17. e4 f4 18. Nh1 g5 19. c4 dxe4 20. fxe4 c5 21. bxc6 Nxc6 22. Nf2 g4 23. c5 bxc5 24. Nxg4 Nb4 25. Rxb4 cxb4 26. h3 Rg5 27. d5 h5 28. Nh6 Qxh3 29. Nxf4 Qe3+ 0-1

[Event "Commonwealth CC-Open 2024"]
[Site "Malacca"]
[Date "2024.02.21"]
[Round "3.9"]
[White "Anderson, Gavin"]
[Black "Rohith Krishna S"]
[Result "0-1"]
[ECO "E44"]
[WhiteElo "2159"]
[BlackElo "2410"]
[Annotator "ChessBase"]
[PlyCount "60"]
[EventDate "2024.02.21"]
[EventCountry "MAS"]
[SourceTitle "playchess.com"]
[Source "ChessBase"]
[SourceQuality "1"]
[TimeControl "5400+30"]

1. d4 Nf6 2. c4 e6 3. Nc3 Bb4 4. e3 O-O 5. Nge2 b6 6. a3 Be7 7. Ng3 Bb7 8. e4 d5 9. e5 Ne4 10. Ngxe4 dxe4 11. Be3 f6 12. exf6 Bxf6 13. Qd2 Qe8 14. Qc2 Qg6 15. Be2 Bg5 16. g3 Bxe3 17. fxe3 Nd7 18. O-O-O Rad8 19. Rdf1 Rxf1+ 20. Rxf1 Qh6 21. Bg4 c5 22. Rf4 e5 23. Rxe4 Bxe4 24. Qxe4 Nf6 25. Be6+ Kh8 26. Qxe5 cxd4 27. Nd1 dxe3 28. Nxe3 Re8 29. Kb1 Nd7 30. Nf5 Nxe5 0-1